AoeStats
← akyavuzer78

Arena

510318544Analyzed
1v1 RM · 2d ago on Sep 30, 2026· 44m 21s· 2 players
Game mode
Random Map
Map size
Tiny (2 player)
Population
200
Speed
Normal
Resources
Standard
Victory
Conquest
Starting age
Dark Age
Ending age
Imperial Age
RankedLock teamsTeams togetherTeam positionsShared explorationLock speedFull tech treeHidden civsTurbo modeCheats
Victory
Defeat
🇹🇷 Franks · Türkiye
677
+16
🇰🇿 Britons · Kazakhstan
670
-16
_STICH_32
11:14 Feudal Age
17:27 Castle Age
23:05 Horse Collar
24:48 Gold Mining
26:34 Heavy Plow
28:49 Pikeman
29:16 Gambesons
30:21 Wheelbarrow
31:37 Hand Cart
34:25 Loom
34:28 Town Watch
37:34 Imperial Age
37:22 Stone Mining
38:09 Gold Shaft Mining
38:33 Warwolf
39:17 Warwolf
42:14 Halberdier
akyavuzer78
10:01 Feudal Age
11:20 Wheelbarrow
10:36 Double-Bit Axe
18:50 Castle Age
17:45 Stone Mining
18:46 Scale Barding Armor
18:53 Forging
19:42 Bow Saw
21:12 Hand Cart
26:24 Gold Mining
28:50 Iron Casting
32:55 Imperial Age
31:51 Gold Shaft Mining
32:37 Husbandry
33:04 Scale Mail Armor
33:16 Padded Archer Armor
33:07 Fletching
33:41 Chain Barding Armor
33:12 Cavalier
35:49 Plate Barding Armor
36:24 Blast Furnace
39:31 Light Cavalry
39:37 Paladin
43:25 Elite Throwing Axeman
44:20 Scale Mail Armor
Connection lost

Rejoining the realm…

Still unreachable

The connection could not be restored.

Session expired

The server has moved on; the page needs a fresh start.